 Dungeon Crawl Stone Soup version 0.18-a0-1078-gebb93d0 (webtiles) character file.

37 ater218 the Caller (level 3, -2/19 HPs)
             Began as a Deep Elf Summoner on Jan 14, 2016.
             Slain by a gnoll (5 damage)
             ... on level 2 of the Dungeon.
             The game lasted 00:07:52 (1641 turns).

ater218 the Caller (Deep Elf Summoner)              Turns: 1641, Time: 00:07:52

Health: -2/19      AC:  4    Str:  5    XL:     3   Next: 23%
Magic:  1/10       EV: 13    Int: 20    God:
Gold:   98         SH:  4    Dex: 15    Spells: 2 memorised, 6 levels left

rFire  . . .     SeeInvis .     e - +1 dagger (venom)
rCold  . . .     Gourm    .     a - +1 robe
rNeg   . . .     Faith    .     (no shield)
rPois  .         Spirit   .     (no helmet)
rElec  .         Dismiss  .     (no cloak)
rCorr  .         Reflect  +     f - +0 pair of gloves
SustAt .         Harm     .     (no boots)
MR     .....                    m - +4 amulet of reflection
Stlth  ++........               (no ring)
                                (no ring)

@: not resistant to hostile enchantments, unstealthy
A: no striking features
a: no special abilities


You were on level 2 of the Dungeon.
You were hungry.

You visited 1 branch of the dungeon, and saw 2 of its levels.

You collected 98 gold pieces.

Inventory:

Hand Weapons
 e - a +1 dagger of venom (weapon)
Armour
 a - a +1 robe (worn)
 f - a +0 pair of gloves (worn)
Jewellery
 m - a +4 amulet of reflection (around neck)
Scrolls
 g - 5 scrolls of identify
 j - a scroll of remove curse {unknown}
 k - a scroll of magic mapping
Potions
 d - 2 potions of heal wounds {unknown}
 i - a potion of curing {unknown}
Books
 b - a book of Callings

   Spells                             Type                      Level
   a - Summon Small Mammal            Summoning                    1
   b - Call Imp                       Summoning                    2
   c - Call Canine Familiar           Summoning                    3
   d - Summon Guardian Golem          Hexes/Summoning              3
   e - Summon Lightning Spire         Summoning/Air                4
   f - Summon Ice Beast               Ice/Summoning                4
Comestibles
 c - 2 bread rations
 l - 2 meat rations
 n - 3 chunks of flesh


   Skills:
 + Level 2.7 Dodging
 + Level 2.7 Stealth
 + Level 3.7 Spellcasting
 + Level 5.0 Summonings


You had 6 spell levels left.
You knew the following spells:

 Your Spells              Type           Power        Failure   Level  Hunger
a - Summon Small Mammal   Summ           ###.         1%          1    None
b - Call Imp              Summ           ###.....     2%          2    ##.....


Dungeon Overview and Level Annotations

Branches:
Dungeon (2/15)

Altars:
Xom


Message History

Your crimson imp blinks!
Your quokka barely misses the gnoll.
The gnoll barely misses your quokka.
Your crimson imp closely misses the gnoll.
Your crimson imp hits the gnoll.
Your crimson imp blinks!
Your crimson imp blinks!
Your quokka barely misses the gnoll.
Your crimson imp blinks!
Your crimson imp blinks!
m - a +4 amulet of reflection (around neck)
The gnoll hits you.
* * * LOW HITPOINT WARNING * * *
Your quokka bites the gnoll.
Your crimson imp blinks!
As you read the scroll of fog, it crumbles to dust.
The scroll dissolves into smoke.
Your quokka disappears in a puff of smoke!
Your crimson imp barely misses the gnoll.
The gnoll hits you.
You die...

#......#...#### #.###
#......#.#.####### #.#..
#...§..#.#...#...# #.#.#
#......'.###.#5#.###'#..
#..§...### #...#........
#.....g#########.....)..
#......§....# #......(.
###...§g5...# #........
#...§@§...# ##.......
#...§§§...## #.######
###........# #.#
#........# #.#
##########


You could see 2 gnolls and a friendly crimson imp.

Vanquished Creatures (collateral kills)
  2 gnolls (D:2)
  2 giant geckos (D:1)
  2 giant cockroaches (D:2)
  6 hobgoblins
  4 jackals (D:2)
  2 ball pythons
  6 bats
  A giant newt (D:2)
  4 goblins
  6 kobolds
  4 rats
39 creatures vanquished.

Notes
Turn   | Place    | Note
--------------------------------------------------------------
     0 | D:1      | ater218 the Deep Elf Summoner began the quest for the Orb.
     0 | D:1      | Reached XP level 1. HP: 10/10 MP: 6/6
   371 | D:1      | Reached XP level 2. HP: 13/15 MP: 4/8
  1071 | D:2      | Learned a level 2 spell: Call Imp
  1175 | D:2      | Found a shimmering altar of Xom.
  1611 | D:2      | Reached skill level 5 in Summonings
  1611 | D:2      | Reached XP level 3. HP: 19/19 MP: 1/10
  1641 | D:2      | Slain by a gnoll

Vault maps used:
D:1:      onia_arrival_pentagram, minmay_misc_feat_plants
D:2:      lemuel_crystal_altar, minitemple

Action                   || total
-------------------------++-------
Melee: Unarmed           ||     3
       Dagger            ||     1
 Cast: Summon Small Mamm ||    44
       Call Imp          ||    19
  Use: Scroll            ||     6
 Stab: Sleeping          ||     1
  Eat: Chunk             ||     2
